Construct Section Command Post
Construct Platoon Command Post
Selects Heavy Armor Battlegroup
Selects Heavy Armor Battlegroup
Selects Engineer Detachments
6-pounder Anti-tank Gun Team
Unlock Bishop Self-propelled Artillery
Selects Light Vehicle Withdraw and Refit
Light Vehicle Withdraw and Refit
6-pounder Anti-tank Gun Team
Bishop Self-propelled Artillery
Light Vehicle Withdraw and Refit
Light Vehicle Withdraw and Refit
Construct Company Command Post
Selects Crusader AA Medium Tank
Selects Forward Repair Assembly
Unlock Towed 17-pounder Anti-tank Guns